 Dungeon Crawl Stone Soup version 0.16.1-51-g6203257 (webtiles) character file.

2062 RepoMan the Firebug (level 9, -1/57 HPs)
             Began as a Mummy Fire Elementalist on Aug 8, 2015.
             Killed from afar by a gnoll (9 damage)
             ... with a wand of flame
             ... on level 7 of the Dungeon.
             The game lasted 00:44:47 (8766 turns).

RepoMan the Firebug (Mummy Fire Elementalist)       Turns: 8766, Time: 00:44:47

Health: -1/57      AC:  3    Str: 11    XL:     9   Next: 5%
Magic:  13/22      EV: 12    Int: 17    God:
Gold:   304        SH:  0    Dex: 12    Spells: 5 memorised, 6 levels left

rFire  x . .     SeeInvis .     h - +0 quarterstaff
rCold  + . .     Clarity  .     a - +1 robe
rNeg   + + +     SustAb   .     (no shield)
rPois  ∞         Gourm    .     (no helmet)
rElec  .         Spirit   .     (no cloak)
rCorr  .         Warding  .     (no gloves)
rMut   .         Stasis   .     (no boots)
MR     +....                    (no amulet)
Stlth  ++........               (no ring)
                                (no ring)

@: somewhat resistant to hostile enchantments, unstealthy
A: no food or potions, fire vulnerability, restore body, cold resistance 1,
negative energy resistance 3, poison resistance, torment resistance, unbreathing
a: no special abilities


You were on level 7 of the Dungeon.
You were not hungry.

You visited 2 branches of the dungeon, and saw 8 of its levels.

You collected 304 gold pieces.

Inventory:

Hand weapons
 h - a +0 quarterstaff (weapon)
 u - the +2 long sword "Jaoqugus" {pain, Dex+2, unknown}
   (You found it on level 6 of the Dungeon)

   In the hands of one skilled in necromantic magic, it inflicts extra damage on
   living creatures.
   It affects your dexterity (+2).
Missiles
 l - 7 silver tomahawks (quivered)
Armour
 a - a +1 robe (worn)
Magical staves
 p - an uncursed staff of summoning
Jewellery
 i - a +2 ring of slaying {unknown}
 m - an uncursed ring of sustain abilities {unknown}
 o - an uncursed ring of ice {unknown}
Magical devices
 n - a wand of cold (0)
 t - a wand of digging (16)
 x - a wand of magic darts (31)
Scrolls
 c - 3 scrolls of recharging
 d - 5 scrolls of identify
 e - a scroll of random uselessness
 f - 2 scrolls of magic mapping {unknown}
 g - 2 scrolls of teleportation {unknown}
 j - a scroll of remove curse {unknown}
 k - 2 scrolls of enchant armour
 q - 2 scrolls of fog {unknown}
 r - a scroll of fear {unknown}
 s - 2 scrolls of noise {unknown}
 v - a scroll of vulnerability {unknown}
Books
 b - a book of Flames

   Spells                             Type                      Level
   a - Flame Tongue                   Conjuration/Fire             1
   b - Throw Flame                    Conjuration/Fire             2
   c - Conjure Flame                  Conjuration/Fire             3
   d - Inner Flame                    Hexes/Fire                   3
   e - Sticky Flame                   Conjuration/Fire             4
   f - Fireball                       Conjuration/Fire             5


   Skills:
 - Level 1.5 Dodging
 - Level 1.5 Stealth
 + Level 5.8 Spellcasting
 + Level 5.0 Conjurations
 * Level 7.4 Fire Magic


You had 6 spell levels left.
You knew the following spells:

 Your Spells              Type           Power        Failure   Level  Hunger
a - Flame Tongue          Conj/Fire      ####.        1%          1    N/A
b - Throw Flame           Conj/Fire      ####..       1%          2    N/A
c - Conjure Flame         Conj/Fire      ####....     3%          3    N/A
d - Sticky Flame          Conj/Fire      ####....     12%         4    N/A
i - Inner Flame           Hex/Fire       ###.....     10%         3    N/A

Dungeon Overview and Level Annotations

Branches:
Dungeon (7/15)             Temple (1/1) D:6

Altars:
Dithmenos
Elyvilon
Fedhas
Gozag
Kikubaaqudgha
Makhleb
Nemelex Xobeh
Qazlal
Ru
Sif Muna
Trog
Vehumet
Xom
Yredelemnul
Zin
The Shining One

Annotations:
D:4 exclusion: angel
D:6 Edmund


Innate Abilities, Weirdness & Mutations

You do not eat or drink.
Your flesh is vulnerable to fire.
Your flesh is cold resistant.
You are immune to negative energy.
Your system is resistant to poisons.
You are immune to unholy pain and torment.
You can survive without breathing.


Message History

The gnoll hits you from afar with a spear.
The gnoll zaps a wand.
The puff of flame misses you.
The gnoll zaps a wand.
The puff of flame hits you! The fire burns you terribly!
You close the door.
The gnoll zaps a wand.
The puff of flame hits you! The fire burns you terribly!
* * * LOW HITPOINT WARNING * * *
The gnoll zaps a wand.
The puff of flame misses you.
A gnoll opens the door.
Press: ? - help, v - describe, . - travel
Here: a gnoll, wielding a flail and carrying a wand of flame {zapped: 5} The floor.
Evoke which item? (* to show all) (? for menu, Esc to quit)
Okay, then.
Unknown command.
Throwing (i - inventory. (,) - cycle):
w - a throwing net (quivered)
Press: ? - help, Shift-Dir - straight line, f - gnoll
Aim: a gnoll, wielding a flail and carrying a wand of flame {zapped: 5} You throw a throwing net.
The throwing net hits the gnoll.
The gnoll is caught in the net!
The gnoll zaps a wand.
The puff of flame hits you! The fire burns you terribly!
You die...

#........#...#
#.#......§)..#
...'......#.g.#
.#'#.....g#...#
......##'##..<#
.......#.......#
.......+.......#
.......#.......#
..... #.@.....#
.... ###.....#
### #.....#
#.....# #.....#
#.....# +.....#
+ # #.....#
....##'#####


You could see 2 gnolls.

Vanquished Creatures
  Eustachio (D:6)
  2 sky beasts
  2 ogres (D:5)
  Duvessa (D:4)
  2 centaurs
  6 giant frogs
  A jelly (D:5)
  3 scorpions
  3 crimson imps
  2 goliath beetles (D:6)
  Dowan (D:4)
  A quasit (D:6)
  2 giant frog zombies
  A centaur skeleton (D:5)
  2 hounds
  An orc priest (D:5)
  An orc wizard (D:5)
  3 worker ants (D:4)
  A killer bee zombie (D:5)
  A hound zombie (D:5)
  5 gnolls (D:6)
  9 adders
  2 giant mites
  2 worms (D:2)
  An adder skeleton (D:5)
  3 giant geckos
  2 oozes
  4 orcs
  4 ball pythons
  13 goblins
  9 hobgoblins
  11 kobolds
  2 quokkas (D:2)
  14 bats
  5 giant cockroaches
  5 giant newts
  A jackal (D:5)
  9 rats
138 creatures vanquished.

Notes
Turn   | Place    | Note
--------------------------------------------------------------
     0 | D:1      | RepoMan, the Mummy Fire Elementalist, began the quest for the Orb.
     0 | D:1      | Reached XP level 1. HP: 13/13 MP: 3/3
   114 | D:1      | Reached skill level 1 in Conjurations
   448 | D:1      | Reached XP level 2. HP: 13/19 MP: 1/4
   452 | D:1      | Learned a level 2 spell: Throw Flame
  1562 | D:2      | Found a basalt altar of Yredelemnul.
  1637 | D:2      | Reached skill level 3 in Fire Magic
  1637 | D:2      | Reached XP level 3. HP: 24/24 MP: 0/6
  1642 | D:2      | Learned a level 3 spell: Conjure Flame
  2900 | D:3      | Found a sacrificial altar of Ru.
  2938 | D:3      | Reached XP level 4. HP: 30/30 MP: 6/8
  3486 | D:4      | Found a radiant altar of Vehumet.
  3529 | D:4      | Found a shadowy altar of Dithmenos.
  3630 | D:4      | Found a glowing silver altar of Zin.
  3630 | D:4      | Noticed an angel
  3706 | D:4      | Found an opulent altar of Gozag.
  3706 | D:4      | Found a white marble altar of Elyvilon.
  3768 | D:4      | Reached XP level 5. HP: 35/35 MP: 6/11
  3773 | D:4      | Learned a level 3 spell: Inner Flame
  4075 | D:4      | Reached skill level 4 in Fire Magic
  4496 | D:4      | Noticed Dowan
  4497 | D:4      | Noticed Duvessa
  4514 | D:4      | Killed Dowan
  4514 | D:4      | Reached XP level 6. HP: 35/41 MP: 9/13
  4521 | D:4      | Killed Duvessa
  4792 | D:5      | Entered Level 5 of the Dungeon
  5219 | D:6      | Noticed Edmund
  5566 | D:5      | Reached skill level 5 in Fire Magic
  5566 | D:5      | Reached XP level 7. HP: 40/46 MP: 5/15
  5572 | D:5      | Learned a level 4 spell: Sticky Flame
  6236 | D:5      | Found a sparkling altar of Nemelex Xobeh.
  6472 | D:5      | Reached XP level 8. HP: 21/52 MP: 5/18
  6771 | D:6      | Reached skill level 6 in Fire Magic
  6918 | D:6      | Noticed Eustachio
  7095 | D:6      | Killed Eustachio
  7206 | D:6      | Reached skill level 5 in Spellcasting
  7793 | D:6      | Found a staircase to the Ecumenical Temple.
  7800 | Temple   | Entered the Ecumenical Temple
  7899 | D:6      | Reached skill level 7 in Fire Magic
  8031 | D:6      | Got a twisted long sword
  8562 | D:7      | Reached XP level 9. HP: 29/57 MP: 22/22
  8753 | D:7      | Reached skill level 5 in Conjurations
  8766 | D:7      | Killed from afar by a gnoll

Action                   |  1- 3 |  4- 6 |  7- 9 || total
-------------------------+-------+-------+-------++-------
Melee: Unarmed           |     4 |       |       ||     4
       Quarterstaff      |     3 |     6 |    44 ||    53
Throw: Tomahawk          |       |       |    10 ||    10
       Throwing net      |       |       |     4 ||     4
 Cast: Flame Tongue      |   108 |    94 |    97 ||   299
       Conjure Flame     |       |     5 |    24 ||    29
       Inner Flame       |       |     2 |     7 ||     9
       Sticky Flame      |       |       |    13 ||    13
       Throw Flame       |       |       |     1 ||     1
Evoke: Wand              |       |     2 |     2 ||     4
  Use: Scroll            |       |     1 |     3 ||     4
